 Dungeon Crawl Stone Soup version 0.22.1-2-g9c5b331 (webtiles) character file.

74871 nightchill the Gargoyle Catastrophe (level 15, 0/97 HPs)
             Began as a Gargoyle Earth Elementalist on Nov 15, 2018.
             Was an Elder of Qazlal.
             Slain by a shambling mangrove (29 damage)
             ... on level 2 of the Swamp on Nov 18, 2018.
             The game lasted 02:48:45 (36114 turns).

nightchill the Gargoyle Catastrophe (GrEE)         Turns: 36114, Time: 02:48:46

Health: 0/97       AC: 23    Str: 16    XL:     15   Next: 48%
Magic:  34/34      EV:  9    Int: 17    God:    Qazlal [****..]
Gold:   981        SH: 10    Dex:  9    Spells: 9/24 levels left

rFire    + + .     SeeInvis .   R - +2 morningstar (flame)
rCold    + . .     Gourm    .   n - +0 buckler
rNeg     + . .     Faith    +   Z - +0 leather armour {rF+}
rPois    ∞         Spirit   .   r - +1 helmet
rElec    +         Reflect  .   j - +1 cloak
rCorr    .         Harm     .   I - +0 pair of gloves
MR       ++...                  M - +1 pair of boots
Stlth    ++........             W - amulet of faith
HPRegen  0.26/turn              G - ring of the Six Princes {rF+ rC+ MR+ Dex-2 Stlth+}
MPRegen  0.24/turn              m - ring of magical power

@: grasped by roots, repel missiles, very slow
A: big wings, negative energy resistance 1, electricity resistance, unbreathing,
petrification resistance, rot immunity, AC +11
a: Fly, Upheaval, Elemental Force, Renounce Religion


You were on level 2 of the Swamp.
You worshipped Qazlal.
Qazlal was greatly pleased with you.
You were hungry.

You visited 5 branches of the dungeon, and saw 24 of its levels.
You also visited: Ossuary.

You collected 2161 gold pieces.
You spent 1180 gold pieces at shops.

Inventory:

Hand Weapons
 g - a +2 whip of flaming
 L - a +0 fustibalus
 Q - a +1 dire flail of holy wrath
 R - a +2 morningstar of flaming (weapon)
Missiles
 b - 53 stones
 q - 105 sling bullets
 w - 6 steel javelins (quivered)
 E - 10 javelins
Armour
 e - +0 acid dragon scales
 j - a +1 cloak (worn)
 n - a +0 buckler (worn)
 r - a +1 helmet (worn)
 I - a +0 pair of gloves (worn)
 M - a +1 pair of boots (worn)
 Z - a +0 leather armour of fire resistance (worn)
Jewellery
 h - an uncursed amulet of the acrobat
 m - a ring of magical power (right hand)
 D - a +5 amulet of reflection
 G - the ring of the Six Princes (left hand) {rF+ rC+ MR+ Dex-2 Stlth+}
   (You bought it in a shop on level 2 of the Orcish Mines)

   [ring of protection from fire]

   It affects your dexterity (-2).
   It protects you from fire.
   It protects you from cold.
   It affects your resistance to hostile enchantments.
   It makes you more stealthy.
 H - an uncursed ring of protection from magic
 W - an amulet of faith (around neck)
Wands
 l - a wand of polymorph (12)
 y - a wand of disintegration (10)
 A - a wand of acid (10)
 C - a wand of iceblast (18)
 F - a wand of enslavement (25)
 S - a wand of digging (19)
 X - a wand of paralysis (9)
Scrolls
 f - 8 scrolls of teleportation
 o - 5 scrolls of remove curse
 v - a scroll of identify
 z - 9 scrolls of magic mapping
 B - 3 scrolls of fog
 K - 2 scrolls of fear
 N - 2 scrolls of immolation
 O - 4 scrolls of blinking
 T - 3 scrolls of enchant armour
Potions
 a - 3 potions of agility
 k - 4 potions of lignification
 p - 3 potions of might
 s - 8 potions of curing
 t - 6 potions of brilliance
 u - 5 potions of haste
 x - 4 potions of magic
 J - 4 potions of heal wounds
 P - a potion of invisibility
Miscellaneous
 U - a fan of gales
Comestibles
 d - 14 rations


   Skills:
 + Level 12.7 Fighting
 - Level 12.0 Maces & Flails
 - Level 6.0 Armour
 - Level 4.4 Dodging
 - Level 2.1 Stealth
 + Level 5.8 Shields
 + Level 5.2 Spellcasting
 - Level 2.0 Transmutations
 + Level 12.2 Earth Magic
 + Level 13.9 Invocations
 - Level 7.7 Evocations


You had 9 spell levels left.
You knew the following spells:

 Your Spells              Type           Power        Failure   Level  Hunger
a - Sandblast             Erth           #####.       1%          1    None
b - Lee's Rapid Deconstr  Erth           #####.....   3%          5    ######.
c - Petrify               Tmut/Erth      ####....     9%          4    ####...
d - Passwall              Tmut/Erth      ####....     1%          2    #......
e - Stone Arrow           Conj/Erth      ####..       4%          3    ###....

Your spell library contained the following spells:

 Spells                   Type           Power        Failure   Level  Hunger
 Flame Tongue             Conj/Fire      #....        17%         1    None
 Throw Flame              Conj/Fire      #.....       26%         2    #......
 Conjure Flame            Conj/Fire      #.......     45%         3    ###....
 Inner Flame              Hex/Fire       #.......     45%         3    ###....
 Sticky Flame             Conj/Fire      #.......     86%         4    ####...
 Fireball                 Conj/Fire      #.........   99%         5    ######.


Dungeon Overview and Level Annotations

Branches:
Dungeon (13/15)            Temple (0/1) D:4            Lair (5/6) D:8
  Swamp (3/4) Lair:3       Spider (1/4) Lair:2          Orc (2/2) D:9
    Elf (0/3) Orc:2
  Slime: Lair:5-6    Vaults: D:13-14

Altars:
Ashenzari
Elyvilon
Fedhas
Gozag
Kikubaaqudgha
Nemelex Xobeh
Qazlal
Sif Muna
Trog
Vehumet
Wu Jian
Xom
Beogh

Shops:
D:7 *   Orc:2 =([*

Annotations:
D:3 exclusion: Grinder, Grinder
D:4 1 exclusion
D:8 exclusion: statue
D:12 exclusion: downstairs
D:13 Azrael
Lair:4 !yakka, exclusion: downstairs
Orc:2 1 runed door, exclusion: door, Jaiteiro's ghost, journeyman GnFi


Innate Abilities, Weirdness & Mutations

You are resistant to torment.
Your stone body is resilient. (AC +11)
You are immune to poison.
Your large and strong wings let you fly indefinitely.
You resist negative energy. (rN+)
You are resistant to electric shocks. (rElec)
You can survive without breathing.
You are immune to petrification.
You are immune to rotting.


Message History

The shambling mangrove is moderately damaged.
You block the shadow's attack. The shambling mangrove hits you!!
You impale the shambling mangrove!! You burn the shambling mangrove!
The shambling mangrove is severely damaged.
The shadow closely misses you. The shambling mangrove hits you!!
You sock the shambling mangrove! You burn the shambling mangrove.
The shambling mangrove is almost destroyed.
The shadow hits you. The shambling mangrove hits you.
* * * LOW HITPOINT WARNING * * *
You hit the shambling mangrove. You burn the shambling mangrove.
The shambling mangrove is almost destroyed.
Tangled roots snake along the ground.
The shadow slips into darkness.
The shadow flickers and vanishes!
Deactivating autopickup; reactivate with Ctrl-A.
You are feeling hungry.
You barely miss the shambling mangrove.
The shambling mangrove is almost destroyed.
The shambling mangrove hits you!!
You die...

♣ ♣..≈♣♣.≈.≈♣♣♣ ♣..≈≈≈≈ ♣
♣♣♣♣♣♣.≈.♣♣ ♣§.≈≈≈. ♣♣♣♣
♣.≈.♣ ♣♣.≈≈≈. ...♣♣♣♣♣♣♣♣
♣.♣♣♣ ♣.≈≈≈≈
≈≈..≈.♣♣.≈♣♣♣♣♣♣..♣♣♣
♣♣.≈≈≈≈
≈≈.≈≈.♣♣...≈.....≈.≈♣
♣♣≈.≈≈≈≈
≈...♣♣♣♣.≈≈≈≈≈≈..§§.♣
♣♣.≈≈≈≈≈≈
≈...≈♣♣♣≈.≈≈≈≈§f≈≈§≈♣
♣♣≈≈≈≈≈≈≈≈
≈.≈♣♣≈♣♣♣..§≈≈≈.@{≈.♣
♣.≈≈≈≈≈≈..
..≈♣≈≈≈≈....≈≈§§♣§≈≈♣
♣..≈..≈≈≈≈
♣♣≈≈≈≈≈≈≈≈♣<.....≈≈.♣
♣♣≈...≈≈≈.
♣♣≈≈≈≈≈≈≈≈♣♣....≈..≈♣
♣♣♣♣♣....
≈♣♣≈≈≈≈≈♣.♣♣.≈≈≈.♣♣♣♣
♣♣♣≈.
≈≈≈≈≈≈≈≈≈.≈≈≈.≈≈.♣♣♣♣♣♣♣♣♣
♣≈♣
≈≈≈≈♣♣..≈≈..≈.....≈♣♣≈≈≈.♣
♣♣.
≈≈≈≈.≈§≈.≈.≈≈♣♣..≈≈≈.≈≈≈.♣
♣♣..
≈≈...≈≈≈≈≈≈≈.♣♣..≈≈≈≈≈≈≈.♣
♣♣..♣


You could see a shambling mangrove.

Vanquished Creatures
  Saint Roka (Orc:2)
  An orc warlord (Orc:1)
  A ghoul (Swamp:2)
  2 vault guards (D:12)
  4 hydras
  4 two-headed ogres
  7 alligators
  4 death yaks
  An orc high priest (Orc:2)
  Nergalle (Lair:4)
  An unseen horror (D:11)
  4 swamp dragons
  Pikel (D:5)
  An orb spider (Lair:2)
  4 orc sorcerers (Orc:2)
  3 orc knights (Orc:2)
  3 ugly things
  2 oklob plants (Lair:1)
  2 manticores
  2 wolf spiders (Spider:1)
  6 elephants
  3 cyclopes
  9 spiny frogs
  2 gargoyles
  6 komodo dragons
  A freezing wraith (D:12)
  4 trolls
  4 tyrant leeches
  A jumping spider (Spider:1)
  6 hornets
  10 bog bodies
  11 slime creatures
  10 blink frogs
  Sigmund (D:5)
  7 hippogriffs
  4 redbacks (Spider:1)
  6 spriggans
  5 shadows
  A vampire (D:12)
  3 wyverns
  39 yaks
  A fire elemental (D:12)
  A basilisk (Lair:4)
  A steam dragon (Lair:3)
  11 vampire mosquitoes
  13 insubstantial wisps
  3 wargs (Orc:1)
  6 swamp worms
  An acid dragon (D:12)
  12 water moccasins
  6 porcupines
  26 orc warriors
  A slave (D:5)
  3 black bears
  2 phantoms
  2 necrophages (D:12)
  3 ice beasts
  4 sky beasts
  2 swamp drakes (Swamp:2)
  8 ogres
  6 wolves
  7 centaurs
  8 crocodiles
  A big kobold (D:8)
  16 bullfrogs
  2 water moccasin zombies
  A gnoll sergeant (D:6)
  A wyvern skeleton (D:10)
  5 scorpions
  20 killer bees
  3 wights
  An electric eel (D:9)
  4 howler monkeys
  A jelly (D:8)
  6 crimson imps
  2 quasits
  2 centaur zombies (D:12)
  18 orc priests
  2 bullfrog skeletons (D:10)
  4 bullfrog zombies
  5 hounds
  21 orc wizards
  7 iguanas
  8 worker ants
  A killer bee zombie (D:6)
  A big kobold zombie (Ossuary)
  A hound skeleton (D:4)
  2 mummies (Ossuary)
  5 gnolls
  8 adders
  A river rat (D:6)
  5 shadow imps
  4 oozes
  8 adder zombies
  6 worms
  3 dart slugs
  3 leopard geckos
  62 orcs
  A ball python (D:3)
  13 giant cockroaches
  A goblin (D:1)
  8 hobgoblins
  9 jackals
  2 quokkas
  6 bats
  3 frilled lizards
  5 gnoll zombies (Ossuary)
  4 hobgoblin zombies (Ossuary)
  11 kobolds
  6 kobold zombies (Ossuary)
  7 orc zombies (Ossuary)
  A quokka skeleton (D:8)
  A quokka zombie (D:5)
  12 rats
  A butterfly (Lair:3)
  2 plants
648 creatures vanquished.

Vanquished Creatures (others)
  A slave (D:5)
  3 crimson imps (D:5)
  An orc wizard (D:5)
  3 orcs (D:5)
  A frilled lizard (D:5)
  4 bushes (Lair:4)
  13 fungi
  3 plants
29 creatures vanquished.

Grand Total: 677 creatures vanquished

Notes
Turn   | Place    | Note
-------+----------+-------------------------------------------
     0 | D:1      | nightchill the Gargoyle Earth Elementalist began the quest
                  | for the Orb.
     0 | D:1      | Reached XP level 1. HP: 10/10 MP: 3/3
   287 | D:1      | Reached XP level 2. HP: 15/15 MP: 3/5
   645 | D:1      | Reached XP level 3. HP: 10/19 MP: 0/6
   649 | D:1      | Reached skill level 5 in Earth Magic
  1434 | D:2      | Reached XP level 4. HP: 20/24 MP: 3/7
  1828 | D:2      | Found a stormy altar of Qazlal.
  2030 | D:2      | Found a deep blue altar of Sif Muna.
  2432 | D:2      | Became a worshipper of Qazlal Stormbringer
  3076 | D:3      | Found a blossoming altar of Fedhas.
  3099 | D:3      | Noticed Grinder
  3375 | D:3      | Reached skill level 1 in Maces & Flails
  3375 | D:3      | Reached XP level 5. HP: 28/28 MP: 8/8
  3596 | D:4      | Reached skill level 1 in Fighting
  3596 | D:4      | Reached skill level 1 in Invocations
  4071 | D:4      | Noticed a phantom
  4413 | D:4      | Reached XP level 6. HP: 33/35 MP: 4/9
  4512 | D:4      | Found a staircase to the Ecumenical Temple.
  4682 | D:5      | Entered Level 5 of the Dungeon
  4726 | D:5      | Found an ornate altar of the Wu Jian Council.
  4727 | D:5      | Noticed Sigmund
  4741 | D:5      | Killed Sigmund
  4741 | D:5      | Reached skill level 2 in Invocations
  4741 | D:5      | Reached XP level 7. HP: 40/40 MP: 4/10
  4819 | D:5      | Noticed Pikel
  4846 | D:5      | Killed Pikel
  4846 | D:5      | Reached skill level 3 in Invocations
  4846 | D:5      | Reached XP level 8. HP: 21/48 MP: 6/11
  5038 | D:5      | Reached * piety under Qazlal
  5129 | D:5      | Reached skill level 5 in Maces & Flails
  5191 | D:5      | Found a sparkling altar of Nemelex Xobeh.
  5192 | D:5      | Found an opulent altar of Gozag.
  5287 | D:5      | Found a white marble altar of Elyvilon.
  5295 | D:5      | Got a fine robe
  5349 | D:5      | Identified the +1 robe of the Demon Prince {rElec Dex-4
                  | Stlth+} (You found it on level 5 of the Dungeon)
  5429 | D:5      | Found a shimmering altar of Xom.
  5617 | D:5      | Reached skill level 4 in Invocations
  5922 | D:6      | Noticed a shadow
  5933 | D:6      | Killed a shadow
  6161 | D:6      | Reached XP level 9. HP: 42/53 MP: 9/12
  6282 | D:6      | Reached skill level 5 in Fighting
  6282 | D:6      | Reached skill level 5 in Invocations
  6733 | D:6      | Learned a level 5 spell: Lee's Rapid Deconstruction
  7293 | D:6      | Reached ** piety under Qazlal
  7751 | D:7      | Found Zeni's Assorted Antiques.
  8054 | D:6      | Reached skill level 6 in Invocations
  8387 | D:6      | Reached XP level 10. HP: 57/60 MP: 8/14
  8927 | D:7      | Found a shattered altar of Ashenzari.
  8968 | D:7      | Found a blossoming altar of Fedhas.
  9380 | D:7      | Noticed a moth of wrath
  9502 | D:7      | Found a bloodstained altar of Trog.
  9686 | D:8      | Found a sand-covered staircase.
  9717 | Ossuary  | Entered an ossuary
  9849 | Ossuary  | Reached *** piety under Qazlal
 10317 | D:8      | Found an ancient bone altar of Kikubaaqudgha.
 10418 | D:8      | Found a radiant altar of Vehumet.
 10495 | D:8      | Reached skill level 7 in Invocations
 10498 | D:8      | Reached **** piety under Qazlal
 10530 | D:8      | Reached skill level 10 in Earth Magic
 10731 | D:8      | Found a staircase to the Lair.
 11495 | D:9      | Found a staircase to the Orcish Mines.
 11524 | D:9      | Noticed a cyclops
 11823 | D:9      | Learned a level 4 spell: Petrify
 11826 | D:9      | Learned a level 2 spell: Passwall
 11877 | D:9      | Killed a cyclops
 11877 | D:9      | Reached skill level 1 in Transmutations
 12374 | Lair:1   | Entered Level 1 of the Lair of Beasts
 12388 | D:8      | Reached skill level 10 in Maces & Flails
 12388 | D:8      | Reached XP level 11. HP: 68/68 MP: 16/16
 13268 | Lair:1   | Reached skill level 8 in Invocations
 13305 | Lair:1   | Reached skill level 1 in Shields
 13578 | Lair:1   | Noticed an oklob plant
 13578 | Lair:1   | Noticed an oklob plant
 13581 | Lair:1   | Killed an oklob plant
 13582 | Lair:1   | Killed an oklob plant
 13681 | Lair:1   | Got a polished leather armour
 13692 | Lair:1   | Identified the +0 leather armour "Kivowe" {Int+2} (You
                  | found it on level 1 of the Lair of Beasts)
 13895 | Lair:1   | Reached skill level 9 in Invocations
 14927 | Lair:1   | Reached XP level 12. HP: 58/76 MP: 19/19
 15147 | Lair:2   | Reached skill level 10 in Invocations
 15254 | Lair:2   | Found a hole to the Spider Nest.
 15313 | Lair:2   | Noticed an eight-headed hydra
 15320 | Lair:2   | Killed an eight-headed hydra
 15320 | Lair:2   | Reached skill level 1 in Armour
 16275 | Lair:2   | Learned a level 3 spell: Stone Arrow
 16861 | Lair:3   | Found a staircase to the Swamp.
 17033 | Lair:3   | Identified a scroll of acquirement
 17252 | Lair:3   | Reached skill level 1 in Evocations
 17885 | Lair:4   | Reached skill level 11 in Invocations
 18973 | Lair:3   | Reached XP level 13. HP: 43/82 MP: 21/21
 19162 | Lair:4   | Reached skill level 10 in Fighting
 19211 | Lair:4   | Noticed Nergalle
 19224 | Lair:4   | Killed Nergalle
 20806 | D:10     | Entered Level 10 of the Dungeon
 20990 | D:10     | Reached skill level 5 in Armour
 21593 | D:10     | Reached skill level 12 in Invocations
 22208 | D:11     | Reached ***** piety under Qazlal
 23522 | D:12     | Got an ancient buckler
 23532 | D:11     | Identified the +3 buckler of Dishonour {-Cast rC+ rN+ SInv}
                  | (You found it on level 12 of the Dungeon)
 23573 | D:12     | Reached skill level 5 in Spellcasting
 24605 | D:12     | Reached skill level 5 in Evocations
 25283 | D:12     | Gained mutation: Your large and strong wings let you fly
                  | indefinitely. [Gargoyle growth]
 25283 | D:12     | Reached XP level 14. HP: 87/90 MP: 23/23
 25579 | D:13     | Noticed Azrael
 26423 | Swamp:1  | Entered Level 1 of the Swamp
 26605 | Swamp:1  | Reached skill level 13 in Invocations
 27285 | Orc:1    | Entered Level 1 of the Orcish Mines
 27431 | Orc:2    | Entered Level 2 of the Orcish Mines
 27499 | Orc:2    | Noticed an orc warlord
 27576 | Orc:1    | Killed an orc warlord
 27710 | Orc:2    | Found a staircase to the Elven Halls.
 28033 | Orc:2    | Found a radiant altar of Vehumet.
 28131 | Orc:2    | Paralysed by an orc sorcerer for 6 turns
 28152 | Orc:2    | Paralysed by an orc sorcerer for 3 turns
 28476 | Orc:2    | Noticed Saint Roka
 28817 | Orc:2    | Found a roughly hewn altar of Beogh.
 29315 | Orc:2    | Killed Saint Roka
 29505 | Orc:2    | Found Ithis's General Store.
 29593 | Orc:2    | Found Buta's Antique Weapon Emporium.
 29638 | Orc:2    | Found Kier's Jewellery Emporium.
 29655 | Orc:2    | Found Emoged's Antique Armour Emporium.
 29828 | Orc:2    | Found a runed door.
 29829 | Orc:2    | Noticed Jaiteiro's ghost (journeyman GnFi)
 30392 | Orc:2    | Bought a +5 amulet of reflection for 576 gold pieces
 30392 | Orc:2    | Bought the ring of the Six Princes {rF+ rC+ MR+ Dex-2
                  | Stlth+} for 604 gold pieces
 30620 | Spider:1 | Entered Level 1 of the Spider Nest
 30691 | Spider:1 | Noticed an emperor scorpion
 32099 | Swamp:1  | Reached XP level 15. HP: 95/97 MP: 25/25
 33023 | Swamp:2  | Reached skill level 5 in Shields
 34441 | Swamp:3  | Noticed a ghoul
 35090 | Swamp:2  | Killed a ghoul
 36114 | Swamp:2  | Slain by a shambling mangrove

Skill      XL: |  1  2  3  4  5  6  7  8  9 10 11 12 13 14 15 |
---------------+----------------------------------------------+-----
Earth Magic    | 4 5 6 7 8 9 10 11 12 | 12.2
Maces & Flails | 1 2 3 4 6 8 10 11 12 | 12.0
Fighting       | 1 2 3 4 6 7 9 11 12 | 12.7
Invocations    | 1 2 3 4 6 7 9 11 12 13 | 13.9
Transmutations | 1 2 |  2.0
Shields        | 3 4 5 |  5.8
Armour         | 4 6 |  6.0
Evocations     | 2 5 7 |  7.7
Spellcasting   | 3 5 |  5.2
Dodging        | 3 4 |  4.4
Stealth        | |  2.1

Action                   |  1- 3 |  4- 6 |  7- 9 | 10-12 | 13-15 || total
-------------------------+-------+-------+-------+-------+-------++-------
Melee: Short sword       |    58 |    33 |       |       |       ||    91
       Unarmed           |     2 |       |       |       |       ||     2
       Club              |       |    38 |    15 |       |       ||    53
       Whip              |       |       |   116 |   842 |  1417 ||  2375
       Morningstar       |       |       |       |       |    41 ||    41
Throw: Stone             |     8 |     2 |     3 |       |       ||    13
       Javelin           |       |       |    18 |     2 |       ||    20
 Cast: Sandblast         |    31 |    67 |    71 |   128 |    55 ||   352
       Lee's Rapid Decon |       |       |    19 |    40 |   102 ||   161
       Passwall          |       |       |       |     1 |       ||     1
       Petrify           |       |       |       |     3 |    11 ||    14
       Stone Arrow       |       |       |       |     1 |   186 ||   187
Invok: Upheaval          |       |       |     1 |    10 |    20 ||    31
       Disaster Area     |       |       |       |       |     1 ||     1
 Abil: Fly               |       |       |       |       |     1 ||     1
Evoke: Wand              |       |       |     3 |     7 |     6 ||    16
  Use: Scroll            |       |     9 |     5 |    13 |    18 ||    45
       Potion            |       |     1 |     1 |     2 |     6 ||    10
 Stab: Sleeping          |       |     2 |       |       |       ||     2
  Eat: Chunk             |     2 |    11 |    19 |    39 |    45 ||   116
       Ration            |       |       |     1 |     3 |    17 ||    21
Armor: Robe              |    22 |    53 |    73 |   156 |   197 ||   501
       Skin              |       |       |     1 |       |       ||     1
       Leather armour    |       |       |       |   137 |   258 ||   395
       Acid dragon scale |       |       |       |       |    86 ||    86
Dodge: Dodged            |    45 |    65 |   104 |   308 |   443 ||   965
       Deflected         |       |       |       |     2 |    18 ||    20
Block: Other             |       |       |     6 |    73 |       ||    79
       Buckler           |       |       |       |   141 |   621 ||   762
       Reflection        |       |       |       |       |     4 ||     4
